 Dungeon Crawl Stone Soup version 0.29-a0-409-gd843f3a48c (webtiles) character file.

Game seed: 13009099013919994990

1261 domi the Conjurer (level 8, 0/52 HPs)
             Began as a Demonspawn Hedge Wizard on May 13, 2022.
             Was an Initiate of Gozag.
             Slain by an orc warrior
             ... wielding a +0 halberd
              (16 damage)
             ... on level 6 of the Dungeon.
             The game lasted 00:15:18 (7053 turns).

domi the Conjurer (Demonspawn Hedge Wizard)         Turns: 7053, Time: 00:15:18

Health: 0/52       AC:  5    Str: 11    XL:     8   Next: 27%
Magic:  7/12       EV: 12    Int: 18    God:    Gozag
Gold:   308        SH:  0    Dex: 12    Spells: 2/13 levels left

rFire   + . .      SeeInvis .   a - +0 dagger
rCold   . . .      Faith    .   (no shield)
rNeg    . . .      Spirit   .   b - +0 robe
rPois   .          Reflect  .   c - +0 hat
rElec   .          Harm     .   e - +1 cloak
rCorr   .          Rampage  .   (no gloves)
Will    .....                   q - +0 pair of boots
Stlth   +.........              (no amulet)
HPRegen 0.17/turn               A - ring of protection from fire {rF+}
MPRegen 0.26/turn               (no ring)

@: confused
A: claws 1, magic regeneration
a: Renounce Religion, Potion Petition, Call Merchant, Bribe Branch


You were on level 6 of the Dungeon.
You worshipped Gozag.
Gozag was aware of your devotion.
You visited 2 branches of the dungeon, and saw 7 of its levels.

You collected 392 gold pieces.
You paid 84 gold pieces to Gozag.

Inventory:

Hand Weapons
 a - a +0 dagger (weapon)
Armour
 b - a +0 robe (worn)
 c - a +0 hat (worn)
 e - a +1 cloak (worn)
   (You found it on level 1 of the Dungeon)
 q - a +0 pair of boots (worn)
   (You found it on level 3 of the Dungeon)
Jewellery
 m - a ring of willpower
   (You found it on level 5 of the Dungeon)
 A - a ring of protection from fire (left claw) {rF+}
   (You found it on level 4 of the Dungeon)
 C - a +6 ring of intelligence
   (You found it on level 5 of the Dungeon)
Scrolls
 d - a scroll of blinking {unknown}
 f - 2 scrolls of fog {unknown}
 h - a scroll of poison {unknown}
 i - 6 scrolls of identify {unknown}
 k - a scroll of amnesia {unknown}
 n - a scroll of enchant weapon {unknown}
 r - a scroll of vulnerability {unknown}
 t - a scroll of torment {unknown}
 u - a scroll of immolation {unknown}
 w - 2 scrolls of teleportation {unknown}
 y - a scroll of silence {unknown}
 z - 4 scrolls of fear {unknown}
 B - a scroll of brand weapon {unknown}
Potions
 g - a potion of lignification {unknown}
 j - 3 potions of brilliance {unknown}
 l - a potion of attraction {!q}
 o - 2 potions of berserk rage {unknown}
 p - a potion of degeneration {unknown}
 s - a potion of haste {@q3}
 v - a potion of ambrosia {unknown}
 x - a potion of cancellation {unknown}
 D - a potion of flight {unknown}
 E - a potion of might {unknown}


   Skills:
 - Level 1.7 Dodging
 - Level 1.7 Stealth
 - Level 3.0 Spellcasting
 - Level 5.0 Conjurations
 - Level 5.0 Summonings
 - Level 0.8 Translocations
 + Level 4.3 Air Magic
 + Level 4.7 Poison Magic


You had 2 spell levels left.
You knew the following spells:

 Your Spells              Type           Power      Damage    Failure   Level
b - Blink                 Tloc           10%        N/A       17%         2
c - Mephitic Cloud        Conj/Pois/Air  19%        N/A       7%          3
x - Call Imp              Summ           20%        N/A       3%          2
z - Magic Dart            Conj           80%        1d7       1%          1
Z - Summon Guardian Gole  Hex/Summ       11%        N/A       17%         3

Your spell library contained the following spells:

 Spells                   Type           Power      Damage    Failure   Level
 Sandblast                Erth           4%         2d4       16%         1
 Slow                     Hex            8%         N/A       16%         1
 Passwall                 Tmut/Erth      1%         N/A       24%         2
 Conjure Flame            Conj/Fire      11%        6-21      17%         3
 Stone Arrow              Conj/Erth      22%        3d8       17%         3
 Confusing Touch          Hex            2%         N/A       43%         3
 Yara's Violent Unravell  Hex/Tmut       1%         3d3       99%         5
 Enfeeble                 Hex            1%         N/A       100%        7
 Orb of Destruction       Conj           10%        9d6       100%        7
 Spellforged Servitor     Conj/Summ      10%        N/A       100%        7


Dungeon Overview and Level Annotations

Branches:
Dungeon (6/15)             Temple (1/1) D:5

Altars:
Cheibriados
Gozag
Hepliaklqana
Makhleb
Okawaru
Ru
Sif Muna
Trog
Wu Jian
Xom
Zin

Shops:
D:5 (

Annotations:
D:3 1 runed translucent door, Crazy Yiuf


Innate Abilities, Weirdness & Mutations

You have sharp fingernails.
You regenerate magic rapidly.


Message History

You climb downwards.
There is a stone staircase leading up here.
Okay, then.
F - a potion of curing {@q1} You now have 290 gold pieces (gained 19).
An adder comes into view.
An adder is nearby!
An adder is nearby!
An adder is nearby!
An adder is nearby!
Aim: an adder (asleep, chance to affect: 91%)
The ball explodes into a vile cloud!
The stinking cloud engulfs the adder but does no damage.
The adder hisses angrily.
The adder is engulfed in noxious fumes.
The adder appears confused.
You now have 9/12 mp.
The adder is engulfed in noxious fumes.
The adder appears confused.
Aim: an adder (confused, 100% to hit)
The magic dart hits the adder.
You now have 8/12 mp.
Aim: an adder (lightly wounded, confused, 100% to hit)
The magic dart hits the adder.
Aim: an adder (moderately wounded, confused, 100% to hit)
The magic dart hits the adder.
You now have 7/12 mp.
Aim: an adder (almost dead, confused, 100% to hit)
The magic dart hits the adder.
You kill the adder!
You now have 6/12 mp.
You can't see any susceptible monsters within range! (Use Z to cast anyway.)
You can't see any susceptible monsters within range! (Use Z to cast anyway.)
You can't see any susceptible monsters within range! (Use Z to cast anyway.)
Found a stone staircase leading down.
MP restored: 12 You now have 298 gold pieces (gained 8).
You now have 308 gold pieces (gained 10).
There is a stone staircase leading down here.
An orc wizard comes into view. It is wielding a +0 dagger.
An orc wizard is nearby!
An orc wizard is nearby!
An orc wizard is nearby!
An orc wizard is nearby!
Aim: an orc wizard, wielding a +0 dagger and wearing a +0 robe (asleep, 100% to hit)
The magic dart hits the orc wizard.
The orc wizard shouts!
You now have 11/12 mp.
Aim: an orc wizard, wielding a +0 dagger and wearing a +0 robe (moderately wounded, 100% to hit)
The magic dart hits the orc wizard.
You now have 10/12 mp.
Aim: an orc wizard, wielding a +0 dagger and wearing a +0 robe (moderately wounded, 100% to hit)
The magic dart hits the orc wizard.
An orc warrior comes into view. It is wielding a +0 halberd.
You now have 9/12 mp.
Aim: an orc wizard, wielding a +0 dagger and wearing a +0 robe (heavily wounded, 100% to hit)
The magic dart hits the orc wizard.
An iguana comes into view.
Aim: an orc wizard, wielding a +0 dagger and wearing a +0 robe (severely wounded, 100% to hit)
The magic dart hits the orc wizard.
The iguana hisses angrily.
The orc wizard points at you and mumbles some strange words.
You are confused.
You now have 8/12 mp.
You're too confused to cast spells.
You're too confused to cast spells.
You're too confused to cast spells.
The orc wizard gestures wildly while chanting.
The orc wizard flickers and vanishes!
Deactivating autopickup; reactivate with Ctrl-A.
An orc comes into view. It is wielding a +0 dagger.
The orc shouts!
You hear a shout!
An orc priest comes into view. It is wielding a +0 whip.
The orc priest shouts!
Something hits you. The orc warrior barely misses you.
You take 1 damage, and have 51/52 hp.
An orc comes into view. It is wielding a +0 dagger.
Something hits you. The orc warrior closely misses you. The iguana bites you!
You take 12 damage, and have 39/52 hp.
MASSIVE DAMAGE!!
You completely miss the iguana.
You feel less confused.
You hear some strange, mumbled words.
You are confused.
The orc warrior hits you with a +0 halberd!
The iguana bites you!
You take 23 damage, and have 16/52 hp.
MASSIVE DAMAGE!!
You feel better. Something hits you. The iguana bites you.
The orc hits you but does no damage.
Aim: an orc priest, wielding a +0 whip (chance to affect: 86%)
The ball explodes into a vile cloud!
The stinking cloud engulfs the orc priest but does no damage.
The stinking cloud engulfs the orc but does no damage.
The stinking cloud engulfs the iguana but does no damage.
The orc priest is engulfed in noxious fumes.
The orc priest appears confused.
You hear some strange, mumbled words.
You are confused.
The orc warrior hits you with a +0 halberd!
You die...
Your body crumbles into a pile of gold.

###########
#######.........#
#.........#####.#####
#○☼o............#....
#o☼o@...........#....
....☼.lo.........>......
..##..............##....
#..............##....
#..............##....
#..............##....
##########.....##....
########.... ###..


You could see an orc warrior, an iguana, an orc priest (confused) and 2 orcs.

Vanquished Creatures
  Sigmund (D:3)
  An ice beast (D:4)
  A phantom (D:5)
  A scorpion (D:5)
  A howler monkey (D:5)
  A hound (D:4)
  An orc priest (D:5)
  4 orc wizards (D:5)
  2 gnolls (D:4)
  5 adders
  A worm (D:4)
  3 dart slugs
  5 orcs
  9 endoplasms
  A giant cockroach (D:4)
  5 goblins
  6 hobgoblins
  4 jackals (D:3)
  9 kobolds
  3 quokkas
  10 ball pythons
  6 bats
  3 frilled lizards (D:1)
  3 rats
86 creatures vanquished.

Vanquished Creatures (collateral kills)
  A hound (D:3)
  A dart slug (D:3)
  A ball python (D:3)
  An endoplasm (D:4)
  2 hobgoblins (D:4)
6 creatures vanquished.

Vanquished Creatures (others)
  2 ice beasts (D:5)
  An ogre (D:4)
  2 necrophages
  A hound (D:5)
  An iguana (D:4)
  2 gnolls (D:4)
  An adder (D:5)
  2 plants (D:5)
12 creatures vanquished.

Grand Total: 104 creatures vanquished

Notes
Turn   | Place    | Note
-------+----------+-------------------------------------------
     0 | D:1      | domi the Demonspawn Hedge Wizard began the quest for the
                  | Orb.
     0 | D:1      | Reached XP level 1. HP: 13/13 MP: 4/4
   268 | D:1      | Reached skill level 2 in Conjurations
   292 | D:1      | Gained mutation: You regenerate magic rapidly. [demonic
                  | ancestry]
   292 | D:1      | Reached XP level 2. HP: 19/19 MP: 0/6
   709 | D:1      | Found a faded altar of an unknown god.
   920 | D:1      | Reached skill level 3 in Conjurations
   975 | D:1      | Reached XP level 3. HP: 24/24 MP: 4/7
  2156 | D:2      | Learned a level 2 spell: Call Imp
  2159 | D:2      | Learned a level 2 spell: Blink
  2163 | D:2      | Learned a level 3 spell: Mephitic Cloud
  2394 | D:3      | Reached skill level 4 in Conjurations
  2394 | D:3      | Reached XP level 4. HP: 15/30 MP: 1/8
  2710 | D:3      | Found a runed translucent door.
  2711 | D:3      | Noticed Crazy Yiuf
  2962 | D:3      | Noticed Sigmund
  2971 | D:3      | Killed Sigmund
  2972 | D:3      | Reached skill level 5 in Conjurations
  2972 | D:3      | Reached skill level 3 in Summonings
  2972 | D:3      | Gained mutation: You have sharp fingernails. [demonic
                  | ancestry]
  2972 | D:3      | Reached XP level 5. HP: 20/35 MP: 1/9
  2972 | D:3      | Reached XP level 6. HP: 24/41 MP: 1/10
  3220 | D:4      | Reached skill level 4 in Summonings
  3587 | D:4      | Noticed an ice beast
  3620 | D:3      | Learned a level 3 spell: Summon Guardian Golem
  3964 | D:4      | Reached skill level 5 in Summonings
  4104 | D:4      | Reached skill level 1 in Air Magic
  4104 | D:4      | Reached skill level 1 in Poison Magic
  4104 | D:4      | Reached XP level 7. HP: 46/46 MP: 7/11
  4217 | D:4      | Reached skill level 2 in Air Magic
  4217 | D:4      | Reached skill level 2 in Poison Magic
  4569 | D:5      | Entered Level 5 of the Dungeon
  4633 | D:5      | Found Sofumief's Weapon Shoppe.
  4657 | D:5      | Reached skill level 3 in Poison Magic
  4704 | D:5      | HP: 9/46 [phantom (5)]
  4705 | D:5      | HP: 2/46 [phantom (7)]
  4719 | D:5      | HP: 11/46 [poisoned by a scorpion]
  4720 | D:5      | Reached skill level 3 in Air Magic
  4725 | D:5      | HP: 6/46 [poisoned by a scorpion]
  5179 | D:5      | Found an ornate altar of the Wu Jian Council.
  5185 | D:5      | Found a staircase to the Ecumenical Temple.
  5198 | D:5      | Reached XP level 8. HP: 52/52 MP: 10/12
  5206 | Temple   | Entered the Ecumenical Temple
  5209 | Temple   | Became a worshipper of Gozag Ym Sagoz the Greedy
  5239 | D:5      | Reached skill level 4 in Poison Magic
  5595 | D:5      | HP: 10/52 [ice beast (10)]
  5837 | D:5      | Found a shimmering blue altar of Sif Muna.
  5871 | D:5      | Reached skill level 4 in Air Magic
  5985 | D:5      | Found a shimmering altar of Xom.
  6098 | D:5      | Found a hazy altar of Hepliaklqana.
  6100 | D:5      | Found a snail-covered altar of Cheibriados.
  6100 | D:5      | Found a bloodstained altar of Trog.
  6100 | D:5      | Found a sacrificial altar of Ru.
  6107 | D:5      | Found an ornate altar of the Wu Jian Council.
  6112 | D:5      | Found an iron altar of Okawaru.
  6219 | D:5      | Found an ornate altar of the Wu Jian Council.
  6227 | D:5      | Found a staircase to the Ecumenical Temple.
  6338 | D:5      | Found a shimmering blue altar of Sif Muna.
  6559 | D:5      | Found Sofumief's Weapon Shoppe.
  6677 | D:5      | Found a shimmering altar of Xom.
  6842 | D:5      | Found a hazy altar of Hepliaklqana.
  6842 | D:5      | Found a snail-covered altar of Cheibriados.
  6842 | D:5      | Found a bloodstained altar of Trog.
  6842 | D:5      | Found a sacrificial altar of Ru.
  6850 | D:5      | Found an ornate altar of the Wu Jian Council.
  6855 | D:5      | Found an iron altar of Okawaru.
  7053 | D:6      | Slain by an orc warrior

Illustrated notes

Levels and vault maps discovered:
D:1:      psy_arrival_heroes, layout_basic,
          chequers_ecumenical_altar_simple_redux
D:2:      layout_basic
D:3:      layout_rooms, grunt_ministairs_7, uniq_sigmund,
          uniq_crazy_yiuf_cottage
D:4:      nicolae_cairo_tiling_large, layout_loops_cross
D:5:      layout_loops_ring, led_sif_book, mainiacjoe_overflow_brackets,
          minmay_overflow_temple_hex, minmay_temple_entry_overgrown,
          serial_shops, nicolae_shop_bloodbath_and_beyond,
          hangedman_feature_mirror
D:6:      cheibrodos_fertilizer, layout_basic, mainiacjoe_overflow_alcove_2,
          general_overflow_altar
Temple:   nicolae_temple_hex_pool

Skill      XL: |  1  2  3  4  5  6  7  8 |
---------------+-------------------------+-----
Conjurations   | 2 3 4 5 |  5.0
Summonings     | 3 5 |  5.0
Air Magic      | 1 3 4 |  4.3
Poison Magic   | 1 3 4 |  4.7
Dodging        | |  1.7
Stealth        | |  1.7
Spellcasting   | |  3.0
Translocations | |  0.8

Action                   |  1- 3 |  4- 6 |  7- 9 || total
-------------------------+-------+-------+-------++-------
Melee: Dagger            |    28 |       |    40 ||    68
 Cast: Magic Dart        |   117 |    73 |    50 ||   240
       Call Imp          |     1 |     9 |    12 ||    22
       Summon Guardian G |       |     5 |     9 ||    14
       Mephitic Cloud    |       |       |    11 ||    11
  Use: Potion            |       |       |     9 ||     9
 Stab: Confused          |       |       |     4 ||     4
Armor: Robe              |    17 |     2 |    14 ||    33
Dodge: Dodged            |    35 |     7 |    46 ||    88

Table legend: (Time is in decaauts)
 A = Elapsed time spent in this place.
 B = Non-inter-level travel time spent in this place.
 C = Inter-level travel time spent in this place.
 D = Time resting spent in this place.
 E = Time spent auto-exploring this place.
 F = Levels seen in this place.
 G = Mean time per level.
                   A        B        C        D        E       F      G
               +--------+--------+--------+--------+--------+-----+--------+
         Total |   7038 |   6796 |    242 |   1745 |   4104 |   7 | 1005.4 |
       Dungeon |   7031 |   6789 |    242 |   1745 |   4104 |   6 | 1171.8 |
        Temple |      6 |      6 |      0 |      0 |      0 |   1 |    6.0 |
               +--------+--------+--------+--------+--------+-----+--------+

Top non-repeatable levels by time:
     D:5: 2117 daAuts
     D:4: 1574 daAuts
     D:1: 1429 daAuts
     D:3: 1050 daAuts
     D:2: 743 daAuts
     D:6: 116 daAuts
  Temple: 6 daAuts

Table legend:
 A = Kills in this place as a percentage of kills in entire the game.
 B = Kills by you in this place as a percentage of kills by you in the entire game.
 C = Kills by friends in this place as a percentage of kills by friends in the entire game.
 D = Other kills in this place as a percentage of other kills in the entire game.
 E = Experience gained in this place as a percentage of experience gained in the entire game.
 F = Experience gained in this place divided by the number of levels of this place that you have seen.
                   A       B       C       D       E      F
               +-------+-------+-------+-------+-------+----------------------
         Total | 100.0 | 100.0 | 100.0 | 100.0 | 100.0 | 257.4
       Dungeon | 100.0 | 100.0 | 100.0 | 100.0 | 100.0 | 300.3
               +-------+-------+-------+-------+-------+----------------------
